Map: Светотень РВ

Players

Didier - Winner!

  • Race: Protoss Protoss
  • Spawn Location: 5:00

ZakHooi

  • Race: Zerg Zerg
  • League: Platinum
  • Spawn Location: 11:00

VOD

Have the link to the VOD?

Description

Time

  • Played on: April 1, 2021, 12:34 p.m.
  • Length: 8:50
Show
View Real Time Build Order
Export as new Build Order

Didier Protoss - Winner!

Build Orders:  

Get SALT Encoding   

  12  0:03  Probe  
  13  0:15  Probe  
  13  0:20  Pylon  
  14  0:27  Probe (Chrono Boost)  
  15  0:39  Probe (Chrono Boost)  
  15  0:42  Assimilator  
  16  0:47  Probe (Chrono Boost)  
  17  0:54  Gateway  
  17  1:00  Probe  
  18  1:12  Probe  
  19  1:24  Probe  
  20  1:46  Nexus  
  19  1:48  Probe  
  19  1:54  Assimilator  
  20  1:57  Cybernetics Core  
  20  2:00  Probe (Chrono Boost)  
  21  2:11  Probe (Chrono Boost), Pylon  
  22  2:16  Probe (Chrono Boost)  
  23  2:35  Probe  
  24  2:39  Stargate  
  26  2:44  Adept  
  26  2:47  Probe  
  26  2:49  Gateway  
  28  2:58  Probe (Chrono Boost)  
  28  3:00  Probe (Chrono Boost)  
  29  3:09  Probe (Chrono Boost), Warp Gate (Chrono Boost)  
  29  3:11  Probe (Chrono Boost)  
  31  3:14  Probe (Chrono Boost), Stalker  
  31  3:16  Probe  
  31  3:18  Void Ray  
  35  3:24  Probe  
  40  3:28  Probe  
  40  3:32  Shield Battery  
  41  3:36  Probe  
  41  3:40  Probe  
  43  3:49  Probe  
  43  3:52  Probe  
  45  3:58  Twilight Council  
  45  4:05  Probe  
  44  4:11  Probe  
  45  4:17  Probe  
  45  4:18  Pylon  
  45  4:20  Gateway  
  45  4:22  Gateway  
  46  4:30  Void Ray  
  46  4:31  Pylon  
  46  4:32  Charge (Chrono Boost)  
  46  4:36  Probe x2, Zealot  
  54  4:49  Probe x2, Zealot  
  58  4:55  Forge  
  58  4:57  Gateway  
  58  4:58  Gateway  
  58  5:01  Probe  
  58  5:03  Zealot  
  61  5:18  Pylon  
  61  5:22  Gateway  
  61  5:25  Gateway  
  61  5:33  Probe  
  62  5:37  Zealot  
  62  5:38  Nexus  
  64  5:44  Zealot x3  
  64  5:46  Protoss Ground Weapons Level 1 (Chrono Boost)  
  64  5:49  Gateway  
  70  5:55  Gateway  
  70  5:59  Pylon  
  70  6:08  Assimilator  
  70  6:11  Void Ray (Chrono Boost)  
  70  6:14  Assimilator  
  70  6:17  Probe, Zealot  
  77  6:21  Pylon  
  77  6:28  Pylon  
  77  6:31  Pylon  
  77  6:33  Pylon  
  77  6:34  Probe  
  77  6:35  Pylon  
  77  6:36  Pylon  
  77  6:39  Probe  
  79  6:41  Zealot x3  
  79  6:46  Probe  
  86  6:48  Zealot x2  
  86  6:51  Probe  
  91  6:56  Zealot x2  
  91  6:58  Probe  
  96  7:03  Probe  
  96  7:04  Zealot x2  
  89  7:23  Zealot x3  
  89  7:24  Zealot x3  
  79  7:44  Zealot x3  
  79  7:45  Zealot x5  
  93  7:58  Zealot x2  
  95  8:02  Probe  
  94  8:07  Zealot x3  
  100  8:14  Probe  
  100  8:19  Probe x2  
  103  8:21  Templar Archives  
  103  8:26  Probe  
  96  8:36  Zealot x8  
Show
View Real Time Build Order
Export as new Build Order

ZakHooi Zerg 

Build Orders: Hatch First 

Get SALT Encoding   

  12  0:01  Drone  
  13  0:12  Overlord  
  13  0:16  Drone  
  14  0:33  Drone x2  
  16  0:55  Hatchery  
  15  0:58  Drone x2  
  15  1:00  Drone  
  18  1:12  Drone  
  18  1:18  Spawning Pool  
  18  1:23  Drone  
  19  1:32  Drone  
  20  1:36  Extractor  
  19  1:46  Drone  
  20  2:06  Overlord  
  20  2:07  Drone  
  21  2:09  Queen  
  21  2:11  Queen  
  25  2:16  Drone x2  
  25  2:21  Drone  
  28  2:30  Drone x2  
  30  2:37  Overlord  
  30  2:41  Drone  
  31  2:48  Lair  
  31  2:52  Queen  
  31  2:54  Drone x2  
  35  3:01  Drone  
  35  3:02  Drone  
  37  3:19  Hatchery  
  36  3:23  Zergling x2  
  36  3:24  Zergling x4  
  39  3:27  Drone x5  
  44  3:36  Drone, Roach Warren  
  44  3:39  Overlord  
  44  3:48  Overlord  
  44  3:51  Overlord  
  44  4:03  Drone x5  
  44  4:04  Drone x3  
  52  4:16  Drone x2  
  54  4:19  Glial Reconstitution  
  54  4:23  Extractor  
  53  4:38  Roach x6  
  65  4:42  Extractor  
  65  4:44  Queen  
  65  4:45  Overlord  
  66  4:46  Drone x4  
  66  4:48  Overseer  
  70  5:11  Hydralisk Den  
  69  5:17  Spore Crawler  
  69  5:19  Queen  
  70  5:21  Queen  
  70  5:25  Overlord x2  
  72  5:31  Spore Crawler  
  72  5:32  Overlord x2  
  72  5:33  Drone x3  
  74  5:36  Spore Crawler  
  74  5:40  Overlord x2  
  73  5:43  Grooved Spines  
  73  5:48  Drone x10  
  83  6:01  Extractor  
  82  6:14  Overlord x2  
  82  6:15  Hydralisk x4  
  82  6:16  Hydralisk x2  
  94  6:44  Drone  
  94  6:45  Overlord x2  
  95  6:48  Drone x8  
  103  6:54  Muscular Augments  
  103  6:58  Overlord, Hydralisk x4  
  106  7:20  Hydralisk x9  
  112  7:27  Hydralisk x2  
  89  7:44  Hydralisk x3  
  89  7:54  Overlord x2, Hydralisk  
  89  7:55  Hydralisk x2  
  95  8:03  Hatchery  
  84  8:14  Roach x6  
  96  8:29  Roach x2  
Tags
 
Add a new tag
Caveats
  • Supply blocks, unpowered buildings, or Contaminate may cause inaccurate times.
  • Supply counts are checked every 10 seconds.